 BcadrenCrawl: Boulder Brew version 0.05.21-27-ga03c02ce52 (webtiles) character file.

Game seed: 11636714030300089269, levelgen mode: deterministic

3220 protoss039 the Thaumaturge (level 9, -9/43 (46) HPs) Deep Elf Earth Elementalist. Began on July 10, 2021. Was an Initiate of Sif Muna. Mangled by a two-headed ogre ... wielding a cursed +4 giant spiked club {(Curse: Fragile)} (21 damage) ... on level 4 of the Dungeon. The game lasted 00:19:59 (4201 turns).

protoss039 the Thaumaturge (DEEE)                   Turns: 4201, Time: 00:20:00

HP:   -9/43 (46)    AC:  3    Str:  5    XL:     9 ^: 927
MP:   4/27          EV: 13    Int: 24    God:    Sif Muna [0* [18]]
Gold: 239           SH:  0    Dex: 15    Spells: 18/33 levels left

rFire    . . .     Vision   .   p - +0 dagger (elec)
rCold    . . .     Gourm    .   (no weapon)
rNeg     . . .     Faith    .   b - +0 robe
rCorr    . . .     Spirit   .   (no helmet)
rPois    .         Reflect  .   g - +0 cloak
rElec    .         Harm     .   (no gloves)
MR       .....                  (no boots)
Stlth    ++........             (no amulet)
HPRegen  0.24/turn              (no ring)
MPRegen  0.37/turn              (no ring)

@: no status effects
A: no striking features
a: Renounce Religion


You were on level 4 of the Dungeon.
You worshipped Sif Muna.
Sif Muna was noncommittal.
You were not hungry.

You visited 2 branches of the dungeon, and saw 5 of its levels.

You collected 239 gold pieces.

Inventory:

Weapons
 p - a +0 dagger of electrocution (weapon)
Armour
 b - a +0 robe (worn)
 g - a +0 cloak (worn)
Wands
 r - a wand of healing (4)
 t - a wand of clouds (2)
Scrolls
 e - 4 scrolls of magic mapping
 i - 2 scrolls of enchantment
 l - a scroll of fear
 q - a scroll of fog
 s - a scroll of teleportation
Potions
 a - 2 potions of mutation
 d - 2 potions of lignification
 f - 3 potions of amnesia
 h - a potion of curing
 j - 2 potions of haste
 k - a potion of cancellation
 m - a potion of resistance
 n - 2 potions of berserk rage
 o - 3 potions of might
Comestibles
 c - 9 rations


   Skills:
 * Level 0.3 Fighting
 - Level 0.3 Short Blades
 - Level 2.5 Dodging
 - Level 2.5 Stealth
 + Level 12.5 Spellcasting
 - Level 2.0 Transmutations
 + Level 10.7 Earth Magic
 * Level 0.5 Invocations


You had 18 spell levels left.
You knew the following spells:

 Your Spells              Type           Power        Failure   Level  Hunger
a - Sandblast             Erth           50 (50)      1%          1    None
b - Passwall              Tmut/Erth      45 (120)     1%          2    None
c - Stone Arrow           Erth           50 (50)      1%          3    None
d - Petrify               Tmut/Erth      45 (100)     3%          4    None
e - Lee's Rapid Deconstr  Erth           61 (200)     1%          5    ###....
f - Methodical Deconstru  Erth           61 (200)     1%          5    ###....

Your spell library contained the following spells:

 Spells                   Type           Power        Failure   Level  Hunger


Dungeon Overview and Level Annotations

Branches:
Dungeon (4/8)              Temple (1/1) D:4

Altars:
Ashenzari
Elyvilon
Fedhas Madash
Gozag Ym Sagoz
Hepliaklqana
Kikubaaqudgha
Makhleb
Nemelex Xobeh
Okawaru
Qazlal
Ru
Sif Muna
Trog
Vehumet
Wu Jian
Zin
The Shining One

Shops:
D:2 !


Message History

Casting: Stone Arrow (safe; 1% risk of failure)
Confirm with . or Enter, or press ? or * to list all spells.
Aiming: Sandblast (safe; 1% risk of failure)
Press: ? - help, Shift-Dir - straight line, f/p - two-headed ogre
Aim: a two-headed ogre, wielding a cursed +4 giant spiked club {(Curse: Fragile)} and a +0 giant spiked club (severely wounded (18/61))
The blast of sand hits the two-headed ogre (3).
The two-headed ogre is severely wounded. (15/61) HP Unknown command.
Casting: Sandblast (safe; 1% risk of failure)
Confirm with . or Enter, or press ? or * to list all spells.
Aiming: Sandblast (safe; 1% risk of failure)
Press: ? - help, Shift-Dir - straight line, f/p - two-headed ogre
Aim: a two-headed ogre, wielding a cursed +4 giant spiked club {(Curse: Fragile)} and a +0 giant spiked club (severely wounded (15/61))
The blast of sand hits the two-headed ogre (13)!
The two-headed ogre is almost dead. (2/61) HP The two-headed ogre hits you with a cursed +4 giant spiked club {(Curse: Fragile)} (31)!!
Ouch! That really hurt!
* * * LOW HITPOINT WARNING * * *
The two-headed ogre hits you with a +0 giant spiked club (21)!!
You die...

.. # #. .# #.#
#####.### #. ..
#........ #...
#.##........ #...
#..#........ #...#
#.#@O......
...#######.)####.###
#......###.##
#......# #..#
#...[..# ##.#
#......# #.#
#......# #.##
#).....# #..##+#
#......# ##.##.#


You could see a two-headed ogre.

Vanquished Creatures
  A slime creature (D:2)
  A phantom (D:3)
  2 necrophages (D:4)
  A water moccasin (D:2)
  A porcupine (D:4)
  2 sky beasts (D:4)
  An ogre (D:4)
  7 big kobolds (D:2)
  A crocodile (D:2)
  2 bullfrogs (D:4)
  A gnoll sergeant (D:4)
  2 crimson imps
  4 orc priests
  2 hounds (D:4)
  7 jellies
  5 orc wizards (D:4)
  2 worker ants (D:4)
  12 giant cockroaches
  4 bullfrog skeletons
  6 adders
  3 gnolls (D:4)
  50 sewer rats (D:2)
  2 white imps (D:4)
  4 worms (D:2)
  6 cinder newts
  An ooze (D:2)
  A dart slug (D:1)
  2 leopard geckos
  11 orcs
  2 adder skeletons (D:2)
  3 bats
  A cinder newt skeleton (D:2)
  5 goblins (D:1)
  3 hobgoblins (D:1)
  8 jackals
  36 kobolds (D:2)
  2 quokkas
  2 ball pythons
  A ball python skeleton (D:2)
  A hobgoblin skeleton (D:2)
  A leopard gecko skeleton (D:2)
  An orc skeleton (D:2)
  5 rats
215 creatures vanquished.

Vanquished Creatures (others)
  3 sewer rats (D:2)
  3 kobolds (D:2)
  2 slimeheads (D:2)
  200 withered plants (D:2)
208 creatures vanquished.

Grand Total: 423 creatures vanquished

Notes
Turn   | Place    | Note
-------+----------+-------------------------------------------
     0 | D:1      | protoss039 the Deep Elf Earth Elementalist began the quest
                  | for the Orb.
     0 | D:1      | Reached XP level 1. HP: 10/10 MP: 6/6
    29 | D:1      | Reached XP level 2. HP: 15/15 MP: 0/8
   268 | D:1      | Reached XP level 3. HP: 17/19 MP: 10/10
   305 | D:1      | Reached skill level 4 in Spellcasting
   391 | D:1      | Reached XP level 4. HP: 24/24 MP: 10/12
   489 | D:1      | Learned a level 2 spell: Passwall
   493 | D:1      | Learned a level 3 spell: Stone Arrow
   498 | D:1      | Learned a level 4 spell: Petrify
   501 | D:2      | Noticed a water moccasin
   531 | D:2      | Killed a water moccasin
   531 | D:2      | Reached skill level 5 in Spellcasting
   531 | D:2      | Reached skill level 5 in Earth Magic
   531 | D:2      | Reached XP level 5. HP: 5/28 MP: 11/14
   723 | D:2      | Reached XP level 6. HP: 32/32 MP: 9/16
   728 | D:2      | Reached skill level 6 in Spellcasting
   771 | D:1      | Learned a level 5 spell: Lee's Rapid Deconstruction
   777 | D:1      | Learned a level 5 spell: Methodical Deconstruction
  1094 | D:2      | Reached skill level 7 in Spellcasting
  1118 | D:2      | Reached XP level 7. HP: 36/36 MP: 13/19
  1436 | D:2      | Reached skill level 8 in Spellcasting
  1559 | D:2      | Found Neox's Distillery.
  1608 | D:2      | Reached XP level 8. HP: 39/41 MP: 5/22
  1614 | D:2      | Reached skill level 9 in Spellcasting
  1749 | D:2      | Found a white marble altar of Elyvilon.
  2120 | D:2      | Reached skill level 10 in Spellcasting
  3212 | D:3      | Reached skill level 11 in Spellcasting
  3448 | D:3      | Reached XP level 9. HP: 36/45 MP: 17/26
  3739 | D:4      | Reached skill level 10 in Earth Magic
  3850 | D:4      | Found a staircase to the Ecumenical Temple.
  3866 | D:4      | Reached skill level 12 in Spellcasting
  3930 | Temple   | Entered the Ecumenical Temple
  4092 | Temple   | Became a worshipper of Sif Muna the Loreminder
  4194 | D:4      | Noticed a two-headed ogre
  4201 | D:4      | Mangled by a two-headed ogre

Levels and vault maps discovered:
D:1:      dpeg_arrival_stonehenge_8_columns, layout_cave_pools
D:2:      layout_sewer, elyvilon_niche, first_ration, serial_shops,
          shop_fountains
D:3:      layout_basic
D:4:      ossuary_due_small_catacomb, layout_basic, minmay_temple_entry_slanted
Temple:   minmay_crystal_spiral_temple

Skill      XL: |  1  2  3  4  5  6  7  8  9 |
---------------+----------------------------+-----
Earth Magic    | 4 5 6 7 9 10 | 10.7
Spellcasting   | 4 5 7 8 11 12 | 12.5
Transmutations | 2 |  2.0
Fighting       | |  0.3
Short Blades   | |  0.3
Dodging        | |  2.5
Stealth        | |  2.5
Invocations    | |  0.5

Action                   |  1- 3 |  4- 6 |  7- 9 || total
-------------------------+-------+-------+-------++-------
Melee: Dagger            |    21 |     7 |    43 ||    71
       Unarmed           |    17 |     7 |    41 ||    65
 Cast: Sandblast         |    19 |    56 |   137 ||   212
       Stone Arrow       |       |    12 |    68 ||    80
       Lee's Rapid Decon |       |     2 |    28 ||    30
       Petrify           |       |       |     3 ||     3
       Methodical Decons |       |       |     1 ||     1
  Use: Potion            |       |     3 |       ||     3
       Scroll            |       |     1 |       ||     1
 Stab: Sleeping          |     3 |       |       ||     3
  Eat: Chunk             |       |     2 |    11 ||    13
       Ration            |       |       |     1 ||     1
Armor: Robe              |     4 |    10 |    13 ||    27
       Skin              |       |    15 |       ||    15
Dodge: Dodged            |    25 |    50 |    83 ||   158
